 Dungeon Crawl Stone Soup version 0.17-a0-1646-geb1493d (webtiles) character file.

13224 urechis the Cruncher (level 12, -9/70 HPs)
             Began as a Gargoyle Wizard on Aug 11, 2015.
             Was a Priest of Vehumet.
             Engulfed by a cloud of freezing vapour (18 damage)
             ... in an ice cave.
             The game lasted 00:57:49 (16117 turns).

urechis the Cruncher (Gargoyle Wizard)             Turns: 16117, Time: 00:57:49

Health: -9/70      AC: 20    Str: 15    XL:     12   Next: 3%
Magic:  20/20      EV: 14    Int: 19    God:    Vehumet [***...]
Gold:   711        SH:  6    Dex:  8    Spells: 8 memorised, 4 levels left

rFire  + . .     SeeInvis .     b - +1 whip (venom)
rCold  . . .     Clarity  .     M - +3 leather armour of the Beggar {Str+4 Int-5 Slay+5}
rNeg   + . .     SustAt   .     L - +2 buckler
rPois  ∞         Gourm    .     (no helmet)
rElec  +         Spirit   .     I - +1 cloak
rCorr  .         Warding  .     t - +1 pair of gloves {archery}
rMut   .         Stasis   .     (no boots)
MR     .....                    (no amulet)
Stlth  +.........               r - ring of wizardry
                                q - ring of protection from fire

@: not resistant to hostile enchantments, very unstealthy
A: negative energy resistance 1, electricity resistance, unbreathing,
petrification resistance, rot immunity, AC +8
a: Renounce Religion


You were in an ice cave.
You worshipped Vehumet.
Vehumet was most pleased with you.
You were very hungry.

You visited 2 branches of the dungeon, and saw 12 of its levels.
You also visited: Ossuary and Ice Cave.

You collected 711 gold pieces.

Inventory:

Hand weapons
 a - a +2 quarterstaff of chaos
 b - a +1 whip of venom (weapon)
Armour
 t - a +1 pair of gloves of archery (worn)
 I - a +1 cloak (worn)
 L - a +2 buckler (worn)
 M - the +3 leather armour of the Beggar (worn) {Str+4 Int-5 Slay+5}
   (You found it on level 9 of the Dungeon)

   It affects your strength (+4).
   It affects your intelligence (-5).
   It affects your accuracy and damage with ranged weapons and melee attacks
   (+5).
Jewellery
 q - a ring of protection from fire (left hand)
 r - a ring of wizardry (right hand)
Magical devices
 e - a wand of fire (8)
 j - a wand of fire (4)
 u - a wand of teleportation (3)
 v - a wand of lightning (13)
 G - a wand of cold (10)
 K - a wand of digging (14)
 P - a wand of polymorph (7)
Scrolls
 f - 2 scrolls of recharging {unknown}
 h - a scroll of vulnerability {unknown}
 i - 5 scrolls of teleportation
 n - 6 scrolls of remove curse
 o - a scroll of random uselessness {unknown}
 p - a scroll of blinking {unknown}
 w - a scroll of immolation {unknown}
 x - 3 scrolls of enchant armour
 y - a scroll of fear {unknown}
 B - 3 scrolls of magic mapping
 D - 2 scrolls of identify
Potions
 g - 3 potions of resistance
 k - a potion of magic {unknown}
 l - 2 potions of flight
 m - 9 potions of curing
 s - a potion of haste
 z - a potion of ambrosia {unknown}
 A - 2 potions of cure mutation {unknown}
 C - 3 potions of mutation {unknown}
 E - 3 potions of might
 H - 2 potions of agility {unknown}
 J - a potion of lignification {unknown}
Books
 c - a book of Minor Magic

   Spells                             Type                      Level
   a - Magic Dart                     Conjuration                  1
   b - Blink                          Translocation                2
   c - Call Imp                       Summoning                    2
   d - Repel Missiles                 Charms/Air                   2
   e - Slow                           Hexes                        2
   f - Conjure Flame                  Conjuration/Fire             3
   g - Mephitic Cloud                 Conjuration/Poison/Air       3
Comestibles
 d - 12 bread rations
 F - 6 beef jerkies
 N - 3 fruits


   Skills:
 - Level 6.0 Fighting
 - Level 12.0 Staves
 - Level 6.0 Armour
 + Level 7.7 Dodging
 - Level 2.1 Stealth
 - Level 4.0 Shields
 - Level 5.6 Spellcasting
 - Level 5.8 Conjurations
   Level 0.8 Summonings
 - Level 0.8 Translocations


You had 4 spell levels left.
You knew the following spells:

 Your Spells              Type           Power        Failure   Level  Hunger
a - Magic Dart            Conj           ####         1%          1    None
b - Blink                 Tloc           N/A          7%          2    None
c - Mephitic Cloud        Conj/Pois/Air  ##......     2%          3    ##.....
d - Repel Missiles        Chrm/Air       #.....       10%         2    None
e - Conjure Flame         Conj/Fire      ###.....     1%          3    ##.....
f - Sting                 Conj/Pois      ###.         1%          1    None
g - Searing Ray           Conj           ####..       1%          2    None
h - Throw Icicle          Conj/Ice       ###.....     6%          4    ####...


Dungeon Overview and Level Annotations

Branches:
Dungeon (11/15)            Temple (1/1) D:5            Lair (0/8) D:9
    Orc (0/4) D:9

Altars:
Ashenzari
Cheibriados
Dithmenos
Elyvilon
Fedhas
Gozag
Kikubaaqudgha
Makhleb
Nemelex Xobeh
Okawaru
Qazlal
Ru
Sif Muna
Trog
Vehumet
Xom
Yredelemnul
Zin
The Shining One

Shops:
D:9 =

Annotations:
D:4 bohran's ghost, average MiBe IceCv exclusion: ice statue


Innate Abilities, Weirdness & Mutations

You are resistant to torment.
Your stone body is resilient (AC +8).
You are immune to poison.
You resist negative energy.
You are resistant to electric shocks.
You can survive without breathing.
You are immune to petrification.
You are immune to rotting.


Message History

You start resting.
You are engulfed in freezing vapours.
* * * LOW HITPOINT WARNING * * *
You start resting.
You are starving!
You're too hungry to rest.
Eat which item? (? for menu, Esc to quit)
You are feeling hungry.
Mmm...
Sheep cheese pizza.
You start resting.
You are feeling very hungry.
You start resting.
HP restored.
You start waiting.
You are engulfed in freezing vapours.
You are engulfed in freezing vapours.
You are engulfed in freezing vapours.
You are engulfed in freezing vapours.
* * * LOW HITPOINT WARNING * * *
You are engulfed in freezing vapours.
You die...

##### #### #§#.##
#..####### ##§#§#
#÷∩....#.###§#§#######
##..∩.....###§§###...##
###.......@###§#.....#
####.###§§#§#...#..#
### ##§§§§§###..#
##§§§###..##
###§###...#
##.#####..##
#.(.###..## ##......##
#..#....#


There were no monsters in sight!

Vanquished Creatures
  Josephine (D:9)
  Nergalle (D:10)
  A hill giant (D:11)
  A troll (D:9)
  A polar bear (IceCv)
  4 two-headed ogres
  15 yaks
  A wyvern (D:9)
  A deep elf fighter (D:9)
  4 wraiths
  3 wolves (IceCv)
  Menkaure (D:4)
  3 hippogriffs
  11 ice beasts
  3 sky beasts
  Duvessa (D:4)
  4 orc warriors
  3 water moccasins
  A wasp (D:5)
  A black bear (D:7)
  7 ogres
  2 crocodiles (D:9)
  A centaur (D:7)
  A big kobold (D:9)
  6 giant frogs
  2 gnoll sergeants
  5 scorpions
  Dowan (D:4)
  10 wights
  4 crimson imps
  12 hounds
  5 gnoll shamans
  6 orc priests
  An iguana (D:5)
  Crazy Yiuf (D:4)
  A centaur zombie (D:4)
  2 jellies
  Jessica (D:2)
  14 orc wizards
  4 worker ants
  A killer bee zombie (D:6)
  2 big kobold zombies (Ossuary)
  A hound skeleton (D:8)
  A hound zombie (D:7)
  2 worker ant zombies
  58 gnolls
  2 river rats (D:9)
  10 adders
  5 shadow imps
  An ooze (D:6)
  An adder zombie (D:5)
  4 worms
  6 giant geckos
  38 orcs
  4 goblins
  9 hobgoblins
  19 jackals
  3 ball pythons (D:1)
  15 bats
  5 giant cockroaches
  10 giant newts
  4 gnoll zombies (Ossuary)
  A goblin zombie (Ossuary)
  2 hobgoblin zombies (Ossuary)
  9 kobolds
  9 quokkas
  15 rats
384 creatures vanquished.

Vanquished Creatures (others)
  4 polar bears (IceCv)
  A wolf (IceCv)
  An orc (D:5)
  A plant (D:9)
7 creatures vanquished.

Grand Total: 391 creatures vanquished

Notes
Turn   | Place    | Note
--------------------------------------------------------------
     0 | D:1      | urechis the Gargoyle Wizard began the quest for the Orb.
     0 | D:1      | Reached XP level 1. HP: 10/10 MP: 4/4
   442 | D:1      | Reached XP level 2. HP: 15/15 MP: 3/6
  1148 | D:2      | Reached XP level 3. HP: 16/19 MP: 1/8
  1158 | D:2      | Learned a level 2 spell: Blink
  1162 | D:2      | Learned a level 3 spell: Mephitic Cloud
  1165 | D:2      | Learned a level 2 spell: Repel Missiles
  1236 | D:2      | Noticed Jessica
  1244 | D:2      | Killed Jessica
  1551 | D:2      | Reached XP level 4. HP: 15/24 MP: 5/9
  1693 | D:1      | Reached skill level 4 in Spellcasting
  2484 | D:3      | Reached XP level 5. HP: 25/28 MP: 1/11
  2810 | D:3      | Found a snail-covered altar of Cheibriados.
  3557 | D:2      | Reached XP level 6. HP: 19/32 MP: 1/13
  3828 | D:3      | Noticed a gnoll sergeant
  3863 | D:3      | Reached skill level 5 in Spellcasting
  3879 | D:2      | Reached skill level 5 in Conjurations
  4270 | D:3      | Reached XP level 7. HP: 36/36 MP: 12/15
  4461 | D:3      | Killed a gnoll sergeant
  4607 | D:3      | Reached skill level 1 in Fighting
  4665 | D:3      | Reached skill level 1 in Armour
  5028 | D:3      | Noticed a hippogriff
  5370 | D:4      | Found a sand-covered staircase.
  5412 | D:4      | Noticed bohran's ghost (average MiBe)
  5412 | Ossuary  | Entered an ossuary
  5476 | Ossuary  | Reached XP level 8. HP: 38/45 MP: 16/16
  5514 | Ossuary  | Noticed WhatIsLove's ghost (experienced OgHu)
  5832 | D:4      | Noticed Duvessa
  5832 | D:4      | Noticed Dowan
  5857 | D:4      | Killed Dowan
  5883 | D:4      | Killed Duvessa
  5942 | D:4      | Noticed Menkaure
  5954 | D:4      | Killed Menkaure
  6316 | D:4      | Noticed Crazy Yiuf
  6323 | D:4      | Killed Crazy Yiuf
  6413 | D:5      | Entered Level 5 of the Dungeon
  6629 | D:5      | Reached skill level 5 in Armour
  6655 | D:5      | Reached skill level 5 in Fighting
  7221 | D:5      | Reached skill level 6 in Fighting
  7241 | D:5      | Reached XP level 9. HP: 44/55 MP: 15/17
  7241 | D:5      | Reached skill level 1 in Staves
  7263 | D:5      | Found a staircase to the Ecumenical Temple.
  7269 | Temple   | Entered the Ecumenical Temple
  7486 | Temple   | Became a worshipper of Vehumet
  7636 | D:5      | Got a fine dagger
  7637 | D:5      | Identified the +7 dagger "Dragonslayer" {pain, *Rage +Fly Dex+6 Stlth+} (You found it on level 5 of the Dungeon)
  8233 | D:5      | Found a glowing silver altar of Zin.
  8237 | D:5      | Found an ancient bone altar of Kikubaaqudgha.
  8774 | D:6      | Reached skill level 5 in Staves
  8892 | D:6      | Found a radiant altar of Vehumet.
  8936 | D:6      | Acquired Vehumet's first power
  8936 | D:6      | Offered knowledge of Freeze by Vehumet.
  8943 | D:6      | Found a bloodstained altar of Trog.
  8953 | D:6      | Reached skill level 1 in Shields
  9111 | D:6      | Found a blossoming altar of Fedhas.
  9112 | D:6      | Found a burning altar of Makhleb.
  9248 | D:6      | Learned a level 3 spell: Conjure Flame
  9730 | D:7      | Reached skill level 7 in Staves
 10136 | D:7      | Reached XP level 10. HP: 54/60 MP: 14/18
 10451 | D:7      | Offered knowledge of Sting by Vehumet.
 10451 | D:7      | Reached skill level 8 in Staves
 10454 | D:7      | Learned a level 1 spell: Sting
 11258 | D:8      | Reached skill level 9 in Staves
 12228 | D:9      | Reached skill level 10 in Staves
 12326 | D:9      | Found a staircase to the Orcish Mines.
 12396 | D:9      | Offered knowledge of Searing Ray by Vehumet.
 12456 | D:9      | Reached skill level 11 in Staves
 12510 | D:9      | Acquired Vehumet's second power
 12510 | D:9      | Reached XP level 11. HP: 24/64 MP: 10/19
 12832 | D:9      | Learned a level 2 spell: Searing Ray
 12884 | D:9      | Found Haurif's Jewellery Boutique.
 12935 | D:9      | Found a staircase to the Lair.
 13250 | D:9      | Reached skill level 12 in Staves
 13310 | D:9      | Offered knowledge of Throw Icicle by Vehumet.
 13316 | D:9      | Learned a level 4 spell: Throw Icicle
 13440 | D:9      | Found a sparkling altar of Nemelex Xobeh.
 13588 | D:9      | Got an encrusted leather armour
 13599 | D:9      | Identified the +3 leather armour of the Beggar {Str+4 Int-5 Slay+5} (You found it on level 9 of the Dungeon)
 13806 | D:10     | Entered Level 10 of the Dungeon
 13854 | D:10     | Noticed Josephine
 14046 | D:10     | Noticed Nergalle
 14073 | D:9      | Killed Josephine
 14073 | D:9      | Reached skill level 5 in Dodging
 14178 | D:10     | Killed Nergalle
 14710 | D:11     | Found a frozen archway.
 14884 | D:11     | Noticed a hill giant
 14903 | D:11     | Killed a hill giant
 14992 | IceCv    | Entered an ice cave
 15017 | IceCv    | Reached XP level 12. HP: 42/70 MP: 15/20
 15559 | IceCv    | Noticed an ice statue
 16117 | IceCv    | Engulfed by a cloud of freezing vapour

Vault maps used:
D:1:      tarquinn_simple_flora_water_d, serial_forest,
          infiniplex_forest_zigzag_1, infiniplex_forest_clump_diagonal,
          infiniplex_forest_clump_large, infiniplex_forest_straight_5,
          infiniplex_forest_clump_small, infiniplex_forest_clump_small,
          minmay_liquid_box, minmay_misc_feat_plants
D:2:      uniq_jessica
D:3:      lemuel_castle_with_subvaults, cheibriados_altar_wand_db, first_bread,
          hex_large, minmay_misc_feat_columns
D:4:      enter_ossuary_1, uniq_crazy_yiuf_cottage, uniq_menkaure, uniq_duvessa
D:5:      minitemple, minmay_temple_entry_hall, grunt_ministairs_12
D:6:      lemuel_round_altar, gammafunk_temple_overflow_statue, basic_altar
D:9:      nemelex_altar_shiori, grunt_lair_entry_elf_guard_hut, orc_0_dummy,
          serial_shops, shop, grunt_ogre_cave, minmay_tree_intersection,
          minivault_23
D:10:     uniq_josephine, uniq_nergalle
D:11:     cheibrodos_stairvault_heist, portal_ice_cave_entry_ice_beasts
Temple:   oiseaux_autumnal_temple_12
Ossuary:  minmay_ossuary_gauntlet
IceCv:    ice_cave_caverns_02

Action                   |  1- 3 |  4- 6 |  7- 9 | 10-12 || total
-------------------------+-------+-------+-------+-------++-------
Melee: Mace              |    65 |       |       |       ||    65
       Short sword       |    21 |    65 |       |       ||    86
       Spear             |       |    22 |   256 |       ||   278
       Whip              |       |    14 |   129 |   858 ||  1001
       Quarterstaff      |       |       |   139 |       ||   139
 Cast: Magic Dart        |    36 |   215 |   283 |   251 ||   785
       Mephitic Cloud    |       |       |    10 |    49 ||    59
       Blink             |       |       |     5 |       ||     5
  Use: Scroll            |       |       |     7 |     3 ||    10
 Stab: Sleeping          |     1 |       |     1 |       ||     2
       Distracted        |       |       |     1 |       ||     1
       Paralysed         |       |       |     3 |       ||     3
       Confused          |       |       |     5 |    24 ||    29
  Eat: Chunk             |     2 |     7 |    16 |    13 ||    38
       Beef jerky        |       |     1 |     1 |       ||     2
       Pizza             |       |       |     1 |     2 ||     3
       Meat ration       |       |       |     1 |     1 ||     2
